Map: Ephemeron LE

Players

Lambo - Winner!

  • Race: Zerg Zerg
  • Spawn Location: 5:00

Harstem

  • Race: Protoss Protoss
  • Spawn Location: 11:00

VOD

Have the link to the VOD?

Description

Time

  • Played on: Sept. 6, 2019, 4:58 p.m.
  • Length: 19:09
Show
View Real Time Build Order
Export as new Build Order

Lambo Zerg - Winner!

Build Orders: Hatch First, Brood Lord Corruptor 

Get SALT Encoding   

  12  0:00  Drone  
  13  0:12  Overlord  
  13  0:17  Drone  
  14  0:30  Drone x2  
  16  0:44  Drone  
  17  0:53  Hatchery  
  17  0:54  Drone  
  17  0:58  Drone  
  18  1:09  Extractor  
  17  1:12  Spawning Pool  
  17  1:15  Drone  
  17  1:20  Drone  
  18  1:27  Drone  
  19  1:39  Drone  
  20  1:50  Overlord  
  20  1:59  Queen  
  22  2:04  Queen  
  22  2:05  Drone  
  22  2:06  Zergling x2  
  26  2:10  Zergling x2  
  27  2:17  Drone  
  28  2:25  Drone  
  28  2:27  Drone  
  30  2:38  Hatchery  
  30  2:40  Drone  
  30  2:44  Drone x2  
  30  2:50  Overlord  
  32  2:56  Pneumatized Carapace  
  32  2:57  Drone  
  33  3:03  Queen  
  35  3:08  Drone  
  35  3:11  Drone  
  37  3:14  Drone  
  37  3:15  Drone  
  37  3:16  Drone x2  
  40  3:20  Metabolic Boost  
  40  3:22  Drone  
  40  3:25  Drone  
  42  3:32  Overlord  
  42  3:34  Drone  
  43  3:42  Drone  
  43  3:48  Overlord  
  44  3:49  Queen  
  44  3:50  Drone x2  
  44  3:52  Drone x2  
  44  3:54  Overlord  
  50  4:06  Roach Warren, Drone x3  
  50  4:07  Extractor  
  50  4:08  Extractor  
  50  4:11  Overlord  
  50  4:15  Zergling x6  
  50  4:16  Zergling x2  
  54  4:20  Overlord  
  54  4:24  Lair  
  54  4:25  Zergling x6  
  54  4:26  Zergling x2  
  58  4:34  Drone x3  
  58  4:37  Spore Crawler x2  
  59  4:39  Zergling x6  
  59  4:44  Zergling x4  
  64  4:51  Burrow  
  60  4:55  Roach x4  
  62  5:00  Roach x2  
  62  5:01  Zergling x2  
  62  5:05  Roach  
  62  5:06  Zergling x2  
  62  5:07  Zergling x2  
  71  5:10  Zergling x2, Roach  
  73  5:14  Roach  
  73  5:15  Zergling x2  
  73  5:18  Roach  
  74  5:25  Zergling x2, Roach  
  74  5:26  Zergling x4  
  76  5:31  Drone x2  
  76  5:35  Drone  
  69  5:37  Drone  
  69  5:39  Drone  
  69  5:41  Drone  
  69  5:43  Drone  
  70  5:50  Drone  
  70  5:51  Drone x3  
  70  5:54  Drone, Overseer  
  75  5:59  Drone x3, Queen  
  75  6:00  Drone  
  79  6:07  Drone x2  
  79  6:11  Queen  
  83  6:17  Drone x4  
  81  6:25  Drone x2  
  81  6:26  Drone  
  81  6:27  Drone x2  
  84  6:38  Drone x5  
  89  6:55  Drone, Extractor x2  
  89  6:56  Drone  
  89  6:57  Evolution Chamber, Extractor  
  89  6:59  Drone x2  
  89  7:00  Overlord  
  89  7:07  Overlord x2  
  89  7:10  Overlord  
  89  7:16  Hatchery  
  89  7:18  Drone  
  89  7:21  Spire, Drone x6  
  94  7:23  Baneling Nest  
  94  7:24  Zerg Missile Weapons Level 1  
  94  7:26  Drone  
  94  7:34  Roach x6  
  106  7:39  Glial Reconstitution  
  106  7:41  Roach x3  
  112  7:45  Overlord  
  112  7:47  Roach x3  
  112  7:50  Ravager  
  119  7:54  Overlord x2  
  119  7:57  Queen  
  119  7:58  Overlord  
  121  8:00  Overlord  
  121  8:03  Overlord  
  121  8:08  Overlord  
  121  8:09  Roach x2  
  121  8:10  Centrifical Hooks, Roach x2  
  129  8:17  Drone x5  
  134  8:22  Drone  
  134  8:26  Drone x2  
  137  8:28  Drone x2  
  137  8:30  Drone x4  
  137  8:31  Drone  
  137  8:32  Infestation Pit  
  143  8:36  Zergling x4  
  143  8:39  Drone x5, Extractor  
  143  8:40  Evolution Chamber  
  148  8:41  Overseer  
  148  8:44  Zerg Flyer Weapons Level 1  
  148  8:45  Drone  
  148  8:46  Roach  
  149  8:53  Hatchery  
  148  9:00  Zergling x18, Extractor  
  156  9:09  Zerg Melee Weapons Level 1  
  156  9:10  Tunneling Claws  
  156  9:12  Zergling x16  
  162  9:18  Hive, Zerg Missile Weapons Level 2  
  162  9:26  Spore Crawler  
  162  9:28  Spine Crawler  
  162  9:30  Zergling x16  
  168  9:32  Overlord  
  168  9:38  Overlord x2  
  168  9:44  Corruptor x3  
  174  9:53  Zergling x20  
  174  9:56  Queen  
  184  10:07  Drone x2  
  184  10:08  Drone  
  187  10:18  Corruptor x3  
  193  10:24  Overlord, Zergling x2  
  194  10:31  Roach x2  
  194  10:32  Roach x2  
  194  10:33  Roach x3  
  194  10:34  Roach x3  
  192  10:36  Roach x4  
  189  10:45  Baneling x10  
  189  10:46  Drone  
  189  10:47  Drone x2  
  186  10:51  Spine Crawler  
  186  10:52  Overseer, Spine Crawler  
  180  10:58  Zergling x2, Roach x10  
  180  11:03  Roach x3  
  155  11:11  Corruptor x2  
  155  11:16  Zerg Melee Weapons Level 2, Greater Spire  
  155  11:17  Zergling x30  
  172  11:26  Zergling x8  
  172  11:30  Zergling x10  
  175  11:36  Roach x3  
  175  11:38  Baneling  
  175  11:39  Baneling x20  
  179  11:40  Ravager x4  
  179  11:41  Zergling x2, Ravager, Roach x3  
  191  11:50  Ravager x2  
  191  11:51  Ravager x3  
  191  11:52  Roach x3  
  200  11:55  Zerg Missile Weapons Level 3  
  200  12:00  Overlord  
  200  12:02  Overlord  
  200  12:03  Overlord  
  200  12:06  Overlord  
  191  12:11  Overlord  
  191  12:21  Pathogen Glands  
  190  12:28  Drone x6  
  190  12:29  Drone x4  
  200  12:30  Extractor  
  200  12:31  Extractor  
  200  12:33  Spore Crawler  
  200  12:35  Spore Crawler  
  200  12:36  Zerg Flyer Weapons Level 2, Spore Crawler  
  193  12:48  Zergling x22  
  193  12:49  Baneling x3  
  193  12:50  Baneling x18  
  197  12:51  Zergling x2  
  197  12:52  Zergling x2  
  195  13:00  Zergling x10  
  199  13:06  Zergling x8  
  199  13:10  Overlord  
  177  13:22  Queen x3, Hatchery  
  177  13:23  Spore Crawler x2  
  177  13:24  Spore Crawler  
  179  13:29  Brood Lord  
  179  13:30  Brood Lord x6  
  179  13:33  Drone x6  
  192  13:50  Brood Lord  
  192  13:52  Spore Crawler, Drone  
  193  14:00  Zergling x12  
  199  14:03  Neural Parasite  
  199  14:04  Zerg Melee Weapons Level 3  
  199  14:14  Infestor  
  198  14:23  Infestor x3  
  198  14:24  Queen  
  198  14:32  Spore Crawler x3  
  198  14:33  Zerg Ground Armor Level 1, Spore Crawler x2  
  198  14:34  Spore Crawler  
  198  14:36  Infestor x2  
  192  14:39  Drone x9  
  192  14:41  Spore Crawler x2, Roach  
  192  14:42  Spore Crawler, Roach x2  
  192  14:43  Roach  
  194  14:46  Corruptor x2  
  197  14:54  Corruptor x2  
  195  15:05  Infestor x2  
  193  15:14  Corruptor x2  
  195  15:22  Corruptor  
  195  15:23  Corruptor  
  195  15:24  Overseer  
  199  15:34  Zergling x14  
  197  15:40  Overlord  
  194  15:43  Corruptor x3  
  194  15:46  Zergling x8  
  188  15:58  Drone x7  
  188  15:59  Spore Crawler  
  188  16:00  Corruptor x2  
  188  16:01  Spore Crawler  
  188  16:02  Spore Crawler  
  186  16:05  Overseer  
  186  16:07  Zergling x16  
  188  16:11  Drone x2  
  188  16:16  Spore Crawler, Zergling x8  
  184  16:18  Ultralisk Cavern  
  184  16:20  Brood Lord  
  184  16:21  Overseer  
  183  16:26  Zergling x8  
  173  16:33  Drone x5  
  173  16:36  Spore Crawler  
  173  16:37  Spore Crawler  
  173  16:38  Roach  
  164  16:44  Baneling, Roach x4  
  164  16:45  Baneling x3  
  159  16:47  Roach  
  159  16:51  Overseer  
  155  16:56  Roach  
  152  17:09  Roach x4  
  146  17:23  Drone x8  
  149  17:42  Drone x2  
  155  17:48  Infestor  
  155  17:54  Roach x3  
  155  17:55  Roach x6  
  167  18:01  Roach x2  
  168  18:08  Roach x3  
  168  18:09  Roach x15  
  174  18:15  Roach x2  
  176  18:31  Corruptor, Overseer  
  176  18:32  Corruptor  
  172  18:45  Zergling x20  
Show
View Real Time Build Order
Export as new Build Order

Harstem Protoss 

Build Orders: 1 Gate Expand, Archon Immortal, Mass Adepts, Archon Drop, Dark Templar Rush 

Get SALT Encoding   

  12  0:00  Probe  
  13  0:12  Probe  
  14  0:18  Pylon  
  14  0:25  Probe  
  15  0:33  Probe  
  15  0:41  Gateway, Probe  
  17  0:50  Assimilator  
  17  0:52  Probe  
  18  1:04  Probe  
  19  1:16  Probe  
  20  1:27  Nexus  
  20  1:36  Cybernetics Core  
  21  1:40  Probe  
  21  1:49  Assimilator  
  21  1:52  Probe  
  22  1:54  Pylon  
  22  2:02  Adept  
  22  2:04  Probe  
  23  2:12  Warp Gate  
  25  2:16  Probe  
  26  2:23  Stalker  
  26  2:28  Probe  
  27  2:31  Twilight Council  
  29  2:39  Probe  
  29  2:40  Probe  
  31  2:51  Probe  
  32  2:52  Probe  
  32  2:56  Robotics Facility  
  33  2:59  Resonating Glaives  
  33  3:03  Probe  
  33  3:04  Probe  
  35  3:08  Gateway  
  35  3:16  Gateway  
  35  3:17  Probe  
  36  3:20  Probe  
  37  3:28  Pylon  
  37  3:29  Probe  
  37  3:32  Probe  
  37  3:33  Warp Prism  
  39  3:41  Probe  
  39  3:44  Probe  
  43  3:53  Probe  
  43  3:54  Dark Shrine  
  44  3:56  Probe  
  45  4:03  Adept x2  
  45  4:05  Probe  
  45  4:07  Pylon  
  50  4:11  Adept  
  50  4:13  Pylon  
  53  4:18  Assimilator  
  53  4:20  Assimilator  
  53  4:23  Gateway  
  52  4:31  Adept x2  
  52  4:32  Adept  
  52  4:34  Probe  
  52  4:37  Probe  
  60  4:41  Pylon  
  60  4:46  Probe  
  60  4:49  Probe  
  60  4:58  Adept x3  
  66  5:01  Pylon  
  64  5:20  Dark Templar x3  
  64  5:21  Zealot  
  70  5:31  Probe  
  70  5:32  Immortal  
  61  5:40  Nexus  
  61  5:41  Pylon  
  61  5:43  Archon  
  61  5:44  Dark Templar  
  61  5:50  Probe, Archon  
  61  5:51  Probe  
  61  5:56  Forge  
  63  5:59  Dark Templar  
  63  6:01  Sentry  
  63  6:02  Probe  
  69  6:04  Probe  
  69  6:09  Sentry  
  69  6:10  Shield Battery  
  71  6:14  Probe  
  72  6:18  Immortal  
  72  6:23  Probe  
  73  6:31  Probe  
  78  6:35  Probe  
  75  6:41  Charge  
  75  6:43  Probe  
  76  6:48  Probe  
  76  6:51  Sentry, Protoss Ground Weapons Level 1  
  76  6:52  Probe, Zealot x3  
  86  6:55  Probe  
  86  6:59  Phoenix  
  86  7:00  Pylon, Probe  
  88  7:01  Immortal  
  88  7:04  Pylon  
  88  7:05  Probe  
  88  7:08  Probe  
  90  7:12  Probe  
  90  7:14  Pylon  
  95  7:17  Probe  
  95  7:20  Probe  
  95  7:21  Assimilator  
  97  7:24  Probe  
  97  7:25  Assimilator  
  97  7:28  Pylon  
  97  7:29  Probe  
  99  7:32  Probe  
  99  7:33  Templar Archives, Gateway  
  99  7:34  Gateway  
  99  7:36  Probe  
  102  7:46  Gateway  
  102  7:47  Gateway  
  102  7:50  Psionic Storm  
  102  7:56  Stargate  
  101  8:00  Dark Templar  
  104  8:05  Probe  
  104  8:06  Nexus  
  104  8:07  Shield Battery  
  104  8:11  Pylon, High Templar x2  
  108  8:13  Photon Cannon  
  108  8:20  High Templar  
  108  8:21  Probe  
  108  8:22  Pylon x2  
  108  8:23  Probe x2  
  113  8:27  Observer  
  113  8:33  Probe  
  115  8:35  Probe x2  
  115  8:37  Pylon  
  115  8:40  Immortal  
  117  8:45  Probe  
  117  8:47  Probe x2  
  120  8:51  Phoenix, High Templar  
  120  8:52  Shield Battery x2  
  126  8:56  Photon Cannon  
  126  8:58  Zealot x3, Protoss Ground Weapons Level 2  
  134  9:09  Zealot  
  136  9:10  Dark Templar  
  136  9:12  Photon Cannon  
  136  9:13  Probe  
  136  9:15  Probe  
  136  9:16  Probe  
  139  9:21  Probe  
  140  9:25  Probe  
  140  9:27  Probe  
  140  9:28  High Templar  
  140  9:29  Zealot  
  146  9:32  Dark Templar  
  146  9:33  Zealot x3, Dark Templar  
  146  9:37  Archon, Assimilator  
  146  9:38  Assimilator  
  156  9:48  Immortal  
  156  9:52  Photon Cannon  
  160  10:02  Probe  
  160  10:06  Photon Cannon, Fleet Beacon  
  159  10:08  Photon Cannon, Stargate  
  159  10:11  Shield Battery  
  159  10:19  Immortal  
  157  10:26  High Templar x2  
  157  10:27  Zealot, Dark Templar  
  157  10:28  Zealot x2, Dark Templar  
  167  10:33  Pylon  
  167  10:35  Observer  
  173  10:38  Archon  
  167  10:43  Photon Cannon  
  167  10:45  Dark Templar  
  167  10:48  Pylon  
  167  10:51  Zealot, Dark Templar x2  
  167  10:53  Probe  
  167  10:55  Probe x2  
  167  10:56  Probe  
  175  10:59  Observer  
  171  11:05  Probe  
  171  11:07  Probe  
  171  11:09  High Templar x2  
  171  11:11  Zealot x2  
  177  11:14  Tempest  
  177  11:16  Probe  
  181  11:20  Photon Cannon  
  181  11:21  Mothership  
  181  11:22  Tempest  
  185  11:28  Probe  
  181  11:42  Assimilator  
  181  11:43  Assimilator  
  181  11:46  Pylon  
  189  11:56  Protoss Ground Weapons Level 3, Tempest  
  194  12:02  Tempest  
  189  12:09  Probe  
  182  12:15  Photon Cannon  
  182  12:17  Photon Cannon  
  182  12:18  Photon Cannon  
  182  12:20  Photon Cannon  
  182  12:22  Nexus  
  182  12:24  Shield Battery, Stalker x5  
  182  12:27  Dark Templar x2  
  182  12:29  Tempest  
  191  13:08  Warp Prism  
  171  13:13  Oracle, High Templar  
  171  13:14  High Templar x2  
  171  13:16  Probe  
  183  13:29  Protoss Air Weapons Level 1  
  183  13:32  Photon Cannon, Oracle  
  186  13:34  Pylon  
  186  13:44  Warp Prism, Probe x3  
  186  13:47  Probe  
  170  13:52  Probe x3  
  169  14:02  Probe  
  171  14:04  Probe x2  
  171  14:05  Probe x2  
  171  14:08  Zealot  
  178  14:10  High Templar  
  178  14:11  High Templar x4  
  178  14:12  High Templar  
  178  14:14  Probe  
  178  14:16  Zealot  
  193  14:19  Archon x2  
  181  14:28  Dark Templar  
  183  14:37  Photon Cannon  
  183  14:38  Zealot  
  181  14:40  Photon Cannon  
  179  14:48  Zealot x6  
  189  14:53  Probe x2  
  189  15:00  Archon  
  189  15:06  Oracle  
  179  15:07  Zealot x2, Probe  
  179  15:20  Probe  
  179  15:21  Probe  
  181  15:22  Probe  
  181  15:23  Photon Cannon  
  181  15:26  Zealot x6  
  194  15:32  Dark Templar  
  186  15:45  Tempest  
  191  15:53  Dark Templar x3  
  191  15:54  Zealot  
  191  16:03  Zealot x2  
  177  16:11  Zealot x4  
  182  16:19  Zealot  
  184  16:27  Zealot x3  
  180  16:38  Zealot x4  
  182  16:40  Probe  
  182  16:41  Probe x3  
  184  16:51  Nexus  
  184  16:53  Pylon  
  178  17:00  Zealot x7  
  178  17:01  Zealot  
  194  17:07  Tempest  
  195  17:09  Tempest  
  173  17:26  Zealot  
  173  17:27  Zealot x7  
  180  17:32  Probe  
  180  17:33  Carrier  
  173  17:40  Tempest  
  151  17:56  Dark Templar  
  153  18:17  High Templar x2  
  153  18:18  High Templar x3  
  153  18:19  Zealot x2  
  155  18:46  Zealot x3  
  107  19:08  Zealot x6  
Tags
 
Add a new tag
Caveats
  • Supply blocks, unpowered buildings, or Contaminate may cause inaccurate times.
  • Supply counts are checked every 10 seconds.